Map: Forteresse de fer EC

Players

AgCl

  • Race: Protoss Protoss

Karganator - Winner!

  • Race: Zerg Zerg

VOD

Have the link to the VOD?

Description

Time

  • Played on: May 9, 2015, 7:41 p.m.
  • Length: 4:21
Show
View Real Time Build Order
Export as new Build Order

AgCl Protoss 

Build Orders: 1 Gate Expand 

Get SALT Encoding   

  12  0:02  Probe  
  13  0:20  Probe, Pylon  
  14  0:41  Gateway  
  14  0:42  Probe  
  15  0:54  Probe  
  16  1:06  Probe  
  17  1:18  Probe  
  19  1:33  Assimilator  
  19  1:34  Nexus  
  19  1:39  Pylon  
  18  1:40  Zealot (Chrono Boost)  
  18  1:43  Probe (Chrono Boost)  
  22  1:55  Probe (Chrono Boost)  
  22  2:00  Assimilator  
  23  2:01  Probe (Chrono Boost)  
  23  2:12  Probe (Chrono Boost), Pylon  
  24  2:22  Probe (Chrono Boost)  
  25  2:25  Cybernetics Core  
  25  2:31  Probe (Chrono Boost)  
  26  2:41  Probe (Chrono Boost)  
  27  2:48  Probe (Chrono Boost)  
  27  2:51  Gateway  
  26  2:53  Pylon  
  27  3:00  Probe (Chrono Boost)  
  27  3:02  Probe (Chrono Boost)  
  28  3:07  Forge  
  28  3:13  Gateway  
  31  3:20  Mothership Core (Chrono Boost)  
  31  3:21  Probe (Chrono Boost)  
  31  3:22  Sentry (Chrono Boost)  
  33  3:28  Pylon  
  33  3:31  Probe (Chrono Boost)  
  34  3:34  Probe  
  35  3:43  Probe  
  29  4:07  Photon Cannon  
  29  4:10  Photon Cannon  
Show
View Real Time Build Order
Export as new Build Order

Karganator Zerg - Winner!

Build Orders: Hatch First 

Get SALT Encoding   

  12  0:01  Drone  
  13  0:08  Drone  
  14  0:16  Overlord  
  14  0:25  Extractor  
  14  0:26  Drone, Extractor  
  13  0:29  Drone  
  13  0:35  Drone  
  17  0:44  Drone  
  18  0:58  Drone  
  19  1:06  Hatchery  
  19  1:09  Drone  
  19  1:22  Drone, Spawning Pool  
  19  1:34  Drone  
  20  1:41  Overlord  
  20  1:50  Drone  
  20  1:53  Extractor  
  20  2:15  Zergling x4  
  22  2:23  Hatchery  
  22  2:24  Zergling x4  
  22  2:25  Queen  
  22  2:26  Queen  
  27  2:30  Zergling x2  
  27  2:52  Zergling x8  
  27  2:57  Overlord  
  31  3:25  Zergling x2  
  31  3:26  Zergling x10  
  37  3:35  Drone  
  37  3:36  Queen  
  40  3:54  Spine Crawler  
Tags
 
Add a new tag
Caveats
  • Supply blocks, unpowered buildings, or Contaminate may cause inaccurate times.
  • Supply counts are checked every 10 seconds.